Map: Inside and Out

Players

Quaz

  • Race: Zerg Zerg
  • Spawn Location: 7:00

Solar - Winner!

  • Race: Zerg Zerg
  • Spawn Location: 1:00

Event: DreamHack SC2 Masters 2022 Atlanta (Offline)

VOD

Have the link to the VOD?

Description

Time

  • Played on: Nov. 18, 2022, 9:58 a.m.
  • Length: 3:23

All games in this series

Show
View Real Time Build Order
Export as new Build Order

Quaz Zerg 

Build Orders: Pool First 

Get SALT Encoding   

  12  0:02  Drone  
  13  0:13  Drone  
  14  0:21  Extractor  
  13  0:27  Spawning Pool  
  12  0:54  Hatchery  
  11  1:01  Drone  
  12  1:10  Drone  
  13  1:31  Metabolic Boost  
  13  1:34  Zergling x2  
  13  1:36  Overlord  
  14  1:46  Zergling x2, Extractor  
  15  1:59  Zergling x4  
  17  2:08  Zergling x4  
  19  2:29  Zergling x6  
  18  2:46  Baneling Nest  
  18  2:47  Zergling x2  
  17  2:59  Drone  
Show
View Real Time Build Order
Export as new Build Order

Solar Zerg - Winner!

Build Orders: 1 Base Baneling Bust, Pool First 

Get SALT Encoding   

  12  0:09  Extractor  
  11  0:19  Spawning Pool  
  10  0:25  Drone  
  11  0:29  Drone  
  11  0:34  Drone  
  13  0:48  Overlord  
  13  1:06  Zergling x4  
  13  1:08  Zergling x2  
  16  1:13  Metabolic Boost  
  16  1:19  Zergling x2  
  17  1:29  Zergling x2  
  18  1:33  Baneling Nest  
  17  1:40  Zergling x2  
  18  1:50  Zergling x2  
  19  2:01  Zergling x2  
  20  2:13  Zergling x2  
  21  2:23  Zergling x2  
  19  2:34  Baneling x2  
  19  2:35  Zergling x2  
  20  2:46  Zergling x2  
  20  2:47  Baneling  
  20  2:48  Baneling  
  21  2:54  Hatchery  
  21  2:56  Zergling x2  
  21  3:00  Baneling  
  21  3:06  Zergling x2  
Tags
 
Add a new tag
Caveats
  • Supply blocks, unpowered buildings, or Contaminate may cause inaccurate times.
  • Supply counts are checked every 10 seconds.